 Dungeon Crawl Stone Soup version 0.22-a0-785-g6253c82ace (webtiles) character file.

11120 Holzbalken the Carver (level 11, 0/72 HPs)
             Began as a Vampire Gladiator on July 20, 2018.
             Was an Elder of Makhleb.
             Slain by a four-headed hydra (2 damage)
             ... on level 11 of the Dungeon.
             The game lasted 00:51:59 (12531 turns).

Holzbalken the Carver (Vampire Gladiator)          Turns: 12531, Time: 00:52:00

Health: 0/72       AC: 11    Str: 13    XL:     11   Next: 45%
Magic:  11/11      EV: 22    Int: 10    God:    Makhleb [****..]
Gold:   666        SH:  0    Dex: 20    Spells: 10/10 levels left

rFire    . . .     SeeInvis +   a - +2 long sword (flame)
rCold    + . .     Gourm    .   (no shield)
rNeg     + + .     Faith    .   v - +0 leather armour
rPois    +         Spirit   .   c - +0 helmet
rElec    .         Reflect  .   x - +3 cloak of the Moon Troll {+Fly Slay+2 Stlth+}
rCorr    .         Harm     .   h - +1 pair of gloves
MR       ++...                  g - +0 pair of boots
Stlth    ++++......             (no amulet)
HPRegen  0.11/turn              q - ring of protection from magic
MPRegen  0.12/turn              J - +3 ring of slaying

@: regenerating slowly, slowed, very slow
A: fangs 3, see invisible, unbreathing
a: Bat Form, Minor Destruction, Lesser Servant of Makhleb, Major Destruction,
Renounce Religion, Evoke Flight


You were on level 11 of the Dungeon.
You worshipped Makhleb.
Makhleb was greatly pleased with you.
You were thirsty.

You visited 2 branches of the dungeon, and saw 12 of its levels.
You also visited: Sewer.

You collected 666 gold pieces.

Inventory:

Hand Weapons
 a - a +2 long sword of flaming (weapon)
 b - a +2 falchion of electrocution
 D - a +0 scimitar
 G - a +0 rapier
Missiles
 d - 7 throwing nets (quivered)
Armour
 c - a +0 helmet (worn)
 g - a +0 pair of boots (worn)
 h - a +1 pair of gloves (worn)
 v - a +0 leather armour (worn)
 x - the +3 cloak of the Moon Troll (worn) {+Fly Slay+2 Stlth+}
   (You found it on level 4 of the Dungeon)

   It affects your accuracy and damage with ranged weapons and melee attacks
   (+2).
   It lets you fly.
   It makes you more stealthy.
Jewellery
 q - a ring of protection from magic (left hand)
 J - a +3 ring of slaying (right hand)
 K - a +5 ring of intelligence {unknown}
 L - an uncursed ring of flight {unknown}
Scrolls
 k - 3 scrolls of fog
 m - 2 scrolls of remove curse
 p - a scroll of blinking
 s - 6 scrolls of teleportation
 u - 2 scrolls of magic mapping
 y - 2 scrolls of amnesia
 E - a scroll of immolation {unknown}
 F - a scroll of brand weapon {unknown}
 H - a scroll of fear
 I - a scroll of identify
Potions
 e - 33 potions of blood
 f - a potion of lignification
 i - 4 potions of magic
 j - 2 potions of resistance
 l - a potion of flight {unknown}
 n - 4 potions of might
 o - 2 potions of brilliance
 r - 3 potions of agility
 t - a potion of berserk rage {unknown}
 w - 2 potions of ambrosia
 z - 4 potions of haste
 A - 2 potions of invisibility
 B - a potion of heal wounds {unknown}
 C - 2 potions of curing


   Skills:
 - Level 1.7 Fighting
 - Level 14.1 Long Blades
 - Level 1.5 Throwing
 + Level 12.5 Dodging


You had 10 spell levels left.
You didn't know any spells.
Your spell library contained the following spells:

 Spells                   Type           Power        Failure   Level  Hunger
 Fireball                 Conj/Fire      #.........   100%        5    ######.
 Bolt of Fire             Conj/Fire      #.........   100%        6    #######
 Ring of Flames           Chrm/Fire      #.........   100%        7    #######
 Summon Small Mammal      Summ           #...         43%         1    ##.....
 Summon Ice Beast         Ice/Summ       #.......     99%         4    #####..
 Call Imp                 Summ           #.......     58%         2    ###....
 Ignite Poison            Fire/Tmut/Pois #.......     82%         3    ####...
 Call Canine Familiar     Summ           #.......     82%         3    ####...
 Summon Lightning Spire   Summ/Air       #.......     99%         4    #####..
 Summon Guardian Golem    Hex/Summ       #.......     82%         3    ####...
 Ignition                 Fire           #.........   100%        8    #######


Dungeon Overview and Level Annotations

Branches:
Dungeon (11/15)            Temple (1/1) D:6            Lair (0/6) D:8
    Orc: D:9-12

Altars:
Ashenzari
Cheibriados
Dithmenos
Elyvilon
Fedhas
Gozag
Hepliaklqana
Kikubaaqudgha
Makhleb
Nemelex Xobeh
Okawaru
Qazlal
Ru
Sif Muna
Trog
Uskayaw
Vehumet
Wu Jian
Xom
Yredelemnul
Zin
The Shining One

Shops:
D:10 *

Portals:
Trove: D:10 (give horn of Geryon)

Annotations:
D:4 exclusion: statue
D:5 3 runed doors, kroki's ghost, novice GrFi; motoroller71's ghost, novice GnFi
D:11 Sonja


Innate Abilities, Weirdness & Mutations

You heal slowly.
You have razor-sharp teeth.
You have supernaturally acute eyesight. (SInv)
You can survive without breathing.


Message History

You chop one of the five-headed hydra's heads off!
The flame cauterises the wound!
You hit the four-headed hydra. You burn the four-headed hydra.
The four-headed hydra is moderately wounded.
You hear a shout!
The four-headed hydra misses you.
You riposte.
You hit the four-headed hydra. You burn the four-headed hydra.
The four-headed hydra is moderately wounded.
The four-headed hydra misses you. The four-headed hydra bites you!
* * * LOW HITPOINT WARNING * * *
The four-headed hydra barely misses you.
It was a potion of lignification.
You feel woody for a moment.
The four-headed hydra barely misses you.
The four-headed hydra completely misses you.
The four-headed hydra closely misses you.
The four-headed hydra bites you!
* * * LOW HITPOINT WARNING * * *
Sonja casts a spell.
Sonja blinks!
The four-headed hydra bites you.
You die...

### ## [..###############
##.
.................#####..
[.....####...........().
K....K..####.####.#####))
.........#...........(.#.
........ยง#.#.####.####(##
K.. #D#.#.####.# #.# ..
#@#.....##.# #>#
#.##(#.###.##.# #.#
#..(((.# ....# #.#
####.#.# #### ##.# #.#...
#..# #.#.#.# #.## .(..#.#
#.# ##.## # #[# ### .# #.#


You could see a four-headed hydra and a kobold.

Vanquished Creatures
  Nergalle (D:11)
  An elephant (D:8)
  A gargoyle (D:10)
  A tengu conjurer (D:11)
  A troll (D:10)
  A hornet (D:10)
  A slime creature (D:10)
  3 hippogriffs
  3 wraiths (D:10)
  15 yaks
  A wyvern (D:8)
  A hungry ghost (D:11)
  Edmund (D:4)
  2 black bears
  6 orc warriors
  An eye of draining (D:11)
  An ice beast (D:9)
  A phantom (D:8)
  6 ogres
  3 sky beasts
  4 centaurs
  3 crocodiles
  3 big kobolds
  Blork the orc (D:6)
  2 bullfrogs (D:9)
  A wyvern zombie (D:7)
  A gnoll sergeant (D:7)
  A wyvern skeleton (D:10)
  6 scorpions
  8 wights
  6 howler monkeys
  A centaur zombie (D:7)
  A bullfrog zombie (D:11)
  5 crimson imps
  5 hounds
  2 gnoll shamans
  4 jellies
  6 orc wizards
  4 orc priests
  3 bullfrog skeletons
  A centaur skeleton (D:8)
  3 iguanas
  8 worker ants
  A killer bee zombie (D:6)
  3 hound zombies (D:6)
  2 howler monkey zombies
  2 worker ant zombies
  17 gnolls
  A howler monkey skeleton (D:4)
  14 adders
  4 shadow imps
  An ooze (D:4)
  3 adder skeletons
  An adder zombie (D:9)
  2 worms
  2 dart slugs
  5 leopard geckos
  26 orcs
  6 ball pythons
  3 bats
  7 giant cockroaches
  11 hobgoblins
  21 jackals
  9 frilled lizards
  9 goblins
  25 kobolds
  3 rats
  A plant (Sewer)
309 creatures vanquished.

Vanquished Creatures (others)
  2 fungi (D:8)
  2 plants (D:8)
  5 toadstools (D:1)
  6 withered plants (D:5)
15 creatures vanquished.

Grand Total: 324 creatures vanquished

Notes
Turn   | Place    | Note
-------+----------+-------------------------------------------
     0 | D:1      | Holzbalken the Vampire Gladiator began the quest for the Orb.
     0 | D:1      | Reached XP level 1. HP: 16/16 MP: 1/1
   215 | D:1      | Reached XP level 2. HP: 12/22 MP: 2/2
   927 | D:1      | Reached XP level 3. HP: 25/27 MP: 3/3
  1357 | D:2      | Reached skill level 4 in Long Blades
  1652 | D:2      | Found an ancient bone altar of Kikubaaqudgha.
  1656 | D:2      | Found a bloodstained altar of Trog.
  1742 | D:2      | Reached XP level 4. HP: 33/33 MP: 4/4
  2898 | D:3      | Reached skill level 5 in Long Blades
  2919 | D:3      | Reached XP level 5. HP: 32/38 MP: 5/5
  2967 | D:3      | Found a blossoming altar of Fedhas.
  3462 | D:4      | Found a glowing drain.
  3566 | Sewer    | Entered a sewer
  4371 | D:4      | Reached skill level 5 in Dodging
  4371 | D:4      | Reached XP level 6. HP: 43/44 MP: 6/6
  4427 | D:4      | Reached skill level 6 in Long Blades
  4450 | D:4      | Found a radiant altar of Vehumet.
  4478 | D:4      | Got a bloodstained cloak
  4484 | D:4      | Identified the +3 cloak of the Moon Troll {+Fly Slay+2 Stlth+} (You found it on level 4 of the Dungeon)
  4551 | D:4      | Noticed Edmund
  4675 | D:5      | Entered Level 5 of the Dungeon
  4723 | D:5      | Found a glowing golden altar of the Shining One.
  4874 | D:5      | Found a runed gate.
  4875 | D:5      | Found a runed gate.
  4876 | D:5      | Found a runed gate.
  4881 | D:5      | Noticed kroki's ghost (novice GrFi)
  4883 | D:5      | Noticed motoroller71's ghost (novice GnFi)
  4951 | D:5      | Reached XP level 7. HP: 23/49 MP: 7/7
  5247 | D:6      | Found a staircase to the Ecumenical Temple.
  5255 | Temple   | Entered the Ecumenical Temple
  5270 | Temple   | Became a worshipper of Makhleb the Destroyer
  5389 | D:5      | Reached skill level 7 in Long Blades
  6055 | D:5      | Reached skill level 8 in Long Blades
  6101 | D:6      | Reached XP level 8. HP: 50/55 MP: 8/8
  6747 | D:6      | Noticed Blork the orc
  6754 | D:6      | Killed Blork the orc
  6754 | D:6      | Reached skill level 9 in Long Blades
  6782 | D:6      | Reached * piety under Makhleb
  7188 | D:7      | Noticed a hippogriff
  7200 | D:7      | Killed a hippogriff
  7356 | D:7      | Reached skill level 10 in Long Blades
  7464 | D:7      | Reached XP level 9. HP: 61/61 MP: 9/9
  8117 | D:7      | Reached skill level 11 in Long Blades
  8384 | D:7      | Found an ornate altar of the Wu Jian Council.
  8426 | D:8      | Found a staircase to the Lair.
  8426 | D:8      | Noticed an elephant
  8551 | D:8      | Reached ** piety under Makhleb
  8854 | D:4      | Killed Edmund
  8912 | D:4      | Found a glowing silver altar of Zin.
  9208 | D:8      | Killed an elephant
  9208 | D:8      | Reached XP level 10. HP: 62/67 MP: 10/10
  9268 | D:8      | Reached skill level 12 in Long Blades
  9577 | D:8      | Found a deep blue altar of Sif Muna.
 10154 | D:9      | Reached skill level 10 in Dodging
 10536 | D:9      | Found a deep blue altar of Sif Muna.
 10538 | D:9      | Found a snail-covered altar of Cheibriados.
 10540 | D:9      | Found a shattered altar of Ashenzari.
 10926 | D:10     | Entered Level 10 of the Dungeon
 10982 | D:10     | Noticed a gargoyle
 11030 | D:9      | Reached skill level 13 in Long Blades
 11476 | D:10     | Reached *** piety under Makhleb
 11706 | D:10     | Found Xiwim's General Store.
 11709 | D:10     | Found a portal to a secret trove of treasure.
 11803 | D:10     | Killed a gargoyle
 11803 | D:10     | Reached XP level 11. HP: 41/72 MP: 11/11
 12146 | D:11     | Noticed Nergalle
 12169 | D:11     | Killed Nergalle
 12169 | D:11     | Reached skill level 14 in Long Blades
 12274 | D:11     | Reached **** piety under Makhleb
 12510 | D:11     | Noticed Sonja
 12521 | D:11     | Noticed a six-headed hydra
 12531 | D:11     | HP: 2/72 [four-headed hydra (12)]
 12531 | D:11     | Slain by a four-headed hydra

Vault maps used:
D:1:      ldierk_walled_garden, minmay_tromino_mix6
D:2:      minitemple, minmay_surrounded
D:3:      fedhas_altar_1
D:4:      zin_treasury, vehumet_statue, gup_sewer_entry_glass, first_ration,
          uniq_edmund
D:5:      serial_glass, glass_columns_c, glass_columns_a,
          gammafunk_ghost_cemetery, tso_altar
D:6:      minmay_temple_entry_overgrown, minmay_misc_feat_enclosed,
          uniq_blork_the_orc
D:7:      kennysheep_mini
D:8:      david_lair_generic, led_sif_pool
D:9:      grunt_temple_overflow_open
D:10:     minmay_ornate_pinched, enter_trove_1, serial_shops, shop
D:11:     grunt_tengu_nest, uniq_sonja, uniq_nergalle
Temple:   cyrus_circular_temple
Sewer:    sewer_co_scattered_pipes

Skill      XL: |  1  2  3  4  5  6  7  8  9 10 11 |
---------------+----------------------------------+-----
Long Blades    | 4 5 6 8 10 11 13 14 | 14.1
Dodging        | 4 5 6 8 9 11 12 | 12.5
Fighting       | |  1.7
Throwing       | |  1.5

Action                   |  1- 3 |  4- 6 |  7- 9 | 10-12 || total
-------------------------+-------+-------+-------+-------++-------
Melee: Long sword        |    97 |    50 |    12 |   382 ||   541
       Bite              |    12 |    22 |    37 |    65 ||   136
       Falchion          |       |   142 |   228 |       ||   370
  Use: Potion            |     3 |     5 |     9 |    11 ||    28
       Scroll            |       |     7 |     1 |     9 ||    17
 Stab: Sleeping          |       |     2 |    17 |     9 ||    28
       Distracted        |       |     1 |       |     1 ||     2
Armor: Leather armour    |    23 |    54 |    48 |    70 ||   195
Dodge: Dodged            |    68 |   146 |   170 |   334 ||   718
       Rpst.: Long sword |    36 |    10 |     2 |    92 ||   140
       Falchion          |       |    25 |    46 |       ||    71

Table legend:
 A = Spawn XP
 B = Non-spawn XP
 C = Spawn XP percentage of total XP
 D = Spawn monster count
 E = Non-spawn monster count
 F = Spawn count percentage of total count
 G = Total turns spent on level
                    A         B        C        D         E        F      G
               +---------+---------+-------+---------+---------+-------+---------
         Total |       0 |   15886 |   0.0 |       0 |     308 |   0.0 | 12531
               +---------+---------+-------+---------+---------+-------+---------
           D:1 |       0 |      42 |   0.0 |       0 |      21 |   0.0 |  1014
           D:2 |       0 |      71 |   0.0 |       0 |      20 |   0.0 |  1378
           D:3 |       0 |     142 |   0.0 |       0 |      26 |   0.0 |  1116
           D:4 |       0 |     425 |   0.0 |       0 |      15 |   0.0 |   819
           D:5 |       0 |     806 |   0.0 |       0 |      25 |   0.0 |  1377
           D:6 |       0 |     942 |   0.0 |       0 |      23 |   0.0 |  1204
           D:7 |       0 |    1724 |   0.0 |       0 |      27 |   0.0 |  1318
           D:8 |       0 |    2250 |   0.0 |       0 |      32 |   0.0 |  1236
           D:9 |       0 |    1749 |   0.0 |       0 |      21 |   0.0 |   855
          D:10 |       0 |    3927 |   0.0 |       0 |      35 |   0.0 |  1137
          D:11 |       0 |    3735 |   0.0 |       0 |      41 |   0.0 |   398
         Sewer |       0 |      73 |   0.0 |       0 |      22 |   0.0 |   617
               +---------+---------+-------+---------+---------+-------+---------
